 Dungeon Crawl Stone Soup version 0.26.0-45-g9c1d065592 (webtiles) character file.

Game seed: 4038726425215177375

65 promet the Magician (level 4, -10/24 HPs)
             Began as a Tengu Hedge Wizard on Jan 30, 2021.
             Was an Initiate of Okawaru.
             Mangled by Crazy Yiuf
             ... wielding a +4 quarterstaff of chaos
              (12 damage)
             ... on level 2 of the Dungeon.
             The game lasted 00:11:58 (2449 turns).

promet the Magician (Tengu Hedge Wizard)            Turns: 2449, Time: 00:12:00

Health: -10/24     AC:  2    Str: 11    XL:     4   Next: 13%
Magic:  1/10       EV: 13    Int: 15    God:    Okawaru [......]
Gold:   79         SH:  0    Dex: 13    Spells: 5/10 levels left

rFire    . . .     SeeInvis +   j - +0 mace
rCold    . . .     Faith    .   (no shield)
rNeg     . . .     Spirit   .   i - +0 robe
rPois    .         Reflect  .   c - +0 hat
rElec    .         Harm     .   (no cloak)
rCorr    .         Rampage  .   (no gloves)
Will     .....                  (boots unavailable)
Stlth    ++........             (no amulet)
HPRegen  0.08/turn              d - ring of see invisible
MPRegen  0.12/turn              (no ring)

@: no status effects
A: beak, talons 3
a: Renounce Religion


You were on level 2 of the Dungeon.
You worshipped Okawaru.
Okawaru was noncommittal.
You visited 1 branch of the dungeon, and saw 2 of its levels.

You collected 79 gold pieces.

Inventory:

Hand Weapons
 a - a +0 dagger
 b - a +0 hunting sling
 j - a +0 mace (weapon)
Missiles
 e - 82 stones
 h - 8 arrows
 l - 22 bolts
Armour
 c - a +0 hat (worn)
 i - a +0 robe (worn)
Jewellery
 d - a ring of see invisible (left hand)
Scrolls
 f - 6 scrolls of teleportation
 g - 3 scrolls of identify
Potions
 k - a potion of might {unknown}


   Skills:
 * Level 0.7 Fighting
 + Level 1.0 Short Blades
 + Level 1.0 Maces & Flails
 + Level 0.2 Slings
 + Level 2.6 Dodging
 + Level 2.3 Stealth
 + Level 3.7 Spellcasting
 + Level 1.4 Conjurations
 + Level 1.2 Summonings
 + Level 0.7 Translocations


You had 5 spell levels left.
You knew the following spells:

 Your Spells              Type           Power        Failure   Level
a - Magic Dart            Conj           28%          11%         1
b - Call Imp              Summ           6%           17%         2
c - Blink                 Tloc           N/A          21%         2

Your spell library contained the following spells:

 Spells                   Type           Power        Failure   Level
 Slow                     Hex            2%           28%         2
 Conjure Flame            Conj/Fire      5%           38%         3
 Mephitic Cloud           Conj/Pois/Air  4%           41%         3


Dungeon Overview and Level Annotations

Branches:
Dungeon (2/15)

Altars:
Makhleb
Okawaru
The Shining One

Annotations:
D:2 Crazy Yiuf


Innate Abilities, Weirdness & Mutations

You have a beak for a mouth.
You have claws for feet.


Message History

The magic dart hits Crazy Yiuf.
Crazy Yiuf is severely wounded.
You closely miss Crazy Yiuf. Your kick misses Crazy Yiuf.
Crazy Yiuf is severely wounded.
Crazy Yiuf hits you with a +4 quarterstaff of chaos.
Casting: Magic Dart (safe; 11% risk of failure)
Confirm with . or Enter, or press ? or * to list all spells.
You don't have enough magic to cast that spell.
Unknown command.
You hit Crazy Yiuf but do no damage. You claw Crazy Yiuf.
Crazy Yiuf is severely wounded.
Crazy Yiuf hits you with a +4 quarterstaff of chaos!
Ouch! That really hurt!
You hit Crazy Yiuf but do no damage. You claw Crazy Yiuf.
Crazy Yiuf is almost dead.
Crazy Yiuf hits you with a +4 quarterstaff of chaos!
* * * LOW HITPOINT WARNING * * *
You are electrocuted!
Ouch! That really hurt!
You die...

##.## #.##..##..#... #.#
#.##.#.†...... ###
#######..<.... ##.#..#.
#.##..#. ###### ###
###..... ##..#P## ###..)#
###..... #.....P####.'...#
#....... #.......#@g##...#
#.#..... #.#.#P.#.### ###
#[#..... #.########
#.###.## #.# #.# #... #.#
#### #####.# #.#. #.# #..#
#.....# #.#.
#.#######..####.#.#####...
#..........##.....# #....
########..†##.###.####.#..


You could see Crazy Yiuf.

Vanquished Creatures
  Terence (D:2)
  An adder (D:2)
  An ooze (D:2)
  A dart slug (D:1)
  2 leopard geckos
  A bat (D:1)
  3 giant cockroaches
  5 goblins
  A hobgoblin (D:1)
  2 frilled lizards (D:2)
  2 kobolds
  5 rats
25 creatures vanquished.

Notes
Turn   | Place    | Note
-------+----------+-------------------------------------------
     0 | D:1      | promet the Tengu Hedge Wizard began the quest for the Orb.
     0 | D:1      | Reached XP level 1. HP: 10/10 MP: 5/5
   622 | D:1      | Reached XP level 2. HP: 14/15 MP: 7/7
  1248 | D:2      | Noticed Terence
  1295 | D:2      | Killed Terence
  1296 | D:2      | Reached XP level 3. HP: 9/20 MP: 1/9
  1688 | D:2      | Found a glowing golden altar of the Shining One.
  1997 | D:2      | Reached skill level 1 in Maces & Flails
  1997 | D:2      | Reached XP level 4. HP: 16/24 MP: 5/10
  2164 | D:2      | Found an iron altar of Okawaru.
  2194 | D:2      | Became a worshipper of Warmaster Okawaru
  2254 | D:2      | Found a burning altar of Makhleb.
  2258 | D:2      | Learned a level 2 spell: Call Imp
  2261 | D:2      | Learned a level 2 spell: Blink
  2370 | D:2      | Reached skill level 1 in Short Blades
  2429 | D:2      | Found a runed translucent door.
  2430 | D:2      | Noticed Crazy Yiuf
  2449 | D:2      | Mangled by Crazy Yiuf

Illustrated notes

Levels and vault maps discovered:
D:1:      dpeg_arrival_lava_temple_mockup, layout_basic
D:2:      layout_loops_ring, lemuel_round_altar, kennysheep_okawaru_gauntlet,
          grunt_decor_resistance, kennysheep_donut, bloody_makhleb,
          uniq_terence, uniq_crazy_yiuf_cottage

Skill      XL: |  1  2  3  4 |
---------------+-------------+-----
Maces & Flails | 1 |  1.0
Short Blades   | 1 |  1.0
Fighting       | |  0.7
Slings         | |  0.2
Dodging        | |  2.6
Stealth        | |  2.3
Spellcasting   | |  3.7
Conjurations   | |  1.4
Summonings     | |  1.2
Translocations | |  0.7

Action                   |  1- 3 |  4- 6 || total
-------------------------+-------+-------++-------
Melee: Dagger            |    16 |     2 ||    18
       Kick              |     7 |     2 ||     9
       Peck              |     7 |       ||     7
       Unarmed           |    12 |       ||    12
       Mace              |    18 |     5 ||    23
 Fire: Hunting sling     |    11 |       ||    11
 Cast: Magic Dart        |    18 |    10 ||    28
       Call Imp          |       |     4 ||     4
  Use: Scroll            |     7 |       ||     7
       Potion            |     2 |       ||     2
 Stab: Sleeping          |     4 |       ||     4
Armor: Robe              |     5 |     2 ||     7
Dodge: Dodged            |    26 |     1 ||    27
